 Dungeon Sprint DCSS version 0.22-a0-157-g169b76a (webtiles) character file.

427 esc the Vexing (level 6, -2/42 HPs)
             Began as a Barachi Enchanter on Feb 8, 2018.
             Was an Initiate of Hepliaklqana.
             Slain by a slime creature (11 damage)
             ... in the Dungeon (Sprint I: "Red Sonja").
             The game lasted 00:03:00 (229 turns).

esc the Vexing (Barachi Enchanter)                   Turns: 229, Time: 00:03:01

Health: -2/42      AC:  4    Str: 11    XL:     6   Next: 97%
Magic:  10/15      EV: 15    Int: 16    God:    Hepliaklqana [......]
Gold:   297        SH:  0    Dex: 12    Spells: 9/18 levels left

rFire    . . .     SeeInvis .   a - +1 dagger
rCold    . . .     Gourm    .   (no shield)
rNeg     . . .     Faith    .   l - +2 robe
rPois    .         Spirit   .   (no helmet)
rElec    .         Reflect  .   (no cloak)
rCorr    .         Harm     .   (no gloves)
MR       .....     NoTele   +   (no boots)
Stlth    +++.......             (no amulet)
HPRegen  0.14/turn              (no ring)
MPRegen  0.14/turn              (no ring)

@: can't hop, slow
A: +LOS, swims, reduced essence, slowness 1, strong legs 1
a: Hop, Recall Ancestor, Ancestor Identity, Renounce Religion


You were in the Dungeon.
You worshipped Hepliaklqana.
Hepliaklqana was noncommittal.
You were not hungry.

You visited 1 branch You collected 297 gold pieces.

Inventory:

Hand Weapons
 a - a +1 dagger (weapon)
Armour
 b - a +0 robe
 l - a +2 robe (worn)
   (You took it off Sigmund in the Dungeon)
Wands
 i - a wand of flame (27)
   (You took it off Ijyb in the Dungeon)
Scrolls
 j - a scroll of blinking {!r}
 m - a scroll of identify {unknown}
Potions
 e - a potion of curing
 g - a potion of haste
 h - a potion of magic
Books
 c - a book of Maledictions
Comestibles
 d - a ration
 k - 7 chunks of flesh {@w0}


   Skills:
 + Level 3.3 Fighting
 + Level 6.8 Short Blades
 + Level 7.1 Dodging
 + Level 6.8 Stealth
 + Level 6.6 Spellcasting
 + Level 7.7 Hexes


You had 9 spell levels left.
You knew the following spells:

 Your Spells              Type           Power        Failure   Level  Hunger
a - Ensorcelled Hibernat  Hex/Ice        ###...       4%          2    None
b - Dazzling Spray        Conj/Hex       ###...       8%          3    ##.....
c - Confuse               Hex            ####....     1%          3    ##.....
v - Corona                Hex            ####...      1%          1    None


Dungeon Overview and Level Annotations

Branches:
Dungeon (1/1)

Altars:
Cheibriados
Dithmenos
Elyvilon
Fedhas
Gozag
Hepliaklqana
Kikubaaqudgha
Makhleb
Nemelex Xobeh
Okawaru
Qazlal
Ru
Sif Muna
Trog
Uskayaw
Vehumet
Wu Jian
Xom
Yredelemnul
Zin
The Shining One
Jiyva
Lugonu

Shops:
D (


Innate Abilities, Weirdness & Mutations

Shadows flee at your approach. (+LOS)
You can swim through water.
You cover ground slowly.
You can hop short distances.
Your life essence is reduced to manifest your ancestor. (-10% HP)


Message History

There is an open door here.
You open the door.
There is an open door here.
m - a scroll labeled BOQEYPIEPN
There is an open door here.
You open the door.
A yak comes into view.
Found Bijiop's Antique Weapon Emporium.
Found fourteen altars.
Found an opulent altar of Gozag.
There is an open door here.
The helpless yak fails to defend itself.
You stick the yak like a pincushion!!!
You kill the yak!
Your Fighting skill gained 2 levels and is now at level 3!
Your Dodging skill increases to level 7!
Health restored: 47
Found a sparkling altar of Nemelex Xobeh.
You see here a yak corpse.
You butcher the yak corpse.
k - 7 chunks of flesh {@w0} (gained 5)
You see here a yak skeleton.
There is an entrance to Bijiop's Antique Weapon Emporium here.
There is a hide-covered altar of Uskayaw here.
There is a hazy altar of Hepliaklqana here.
You kneel at the altar of Hepliaklqana.
Hepliaklqana welcomes you!
Hepliaklqana forms a fragment of your life essence into the memory of your ancestor, Bor!
You can now recall your ancestor.
You can now remember your ancestor's identity.
You take 5 damage, and have 42/42 hp.
You see here a yak skeleton.
There is an open door here.
There is an ornate altar of the Wu Jian Council here.
You see here 19 arrows.
You see here a scale mail.
There is an open door here.
You open the door.
A slime creature comes into view.
Found a viscous altar of Jiyva and a corrupted altar of Lugonu.
The slime creature quivers.
An arrow hits the slime creature!
Found a burning altar of Makhleb and a shimmering altar of Xom.
There is an open door here.
Aim: a slime creature (lightly wounded, chance to defeat MR: 30%)
The slime creature easily resists.
The slime creature closely misses you.
You now have 13/15 mp.
Aim: a slime creature (lightly wounded, chance to defeat MR: 30%)
The slime creature easily resists.
The slime creature hits you!!
Bor hits the slime creature.
You take 20 damage, and have 22/42 hp.
MASSIVE DAMAGE!!
You now have 11/15 mp.
Aim: a slime creature (lightly wounded, chance to defeat MR: 30%)
The slime creature easily resists.
The slime creature hits you!
* * * LOW HITPOINT WARNING * * *
Bor barely misses the slime creature.
You take 13 damage, and have 9/42 hp.
MASSIVE DAMAGE!!
You now have 9/15 mp.
Aim: a slime creature (lightly wounded, chance to defeat MR: 30%)
The slime creature easily resists.
The slime creature hits you.
* * * LOW HITPOINT WARNING * * *
Bor hits the slime creature.
You take 4 damage, and have 5/42 hp.
You now have 7/15 mp.
Hop to where?
Boing!
Aim: a slime creature (lightly wounded, chance to defeat MR: 30%)
The slime creature easily resists.
Bor hits the slime creature.
You now have 5/15 mp.
Aim: a slime creature (lightly wounded, chance to defeat MR: 30%)
The slime creature easily resists.
You now have 4/15 mp.
Aim: a slime creature (lightly wounded, chance to defeat MR: 30%)
The slime creature easily resists.
The slime creature hits you.
* * * LOW HITPOINT WARNING * * *
Bor hits the slime creature.
You take 1 damage, and have 4/42 hp.
You now have 2/15 mp.
You feel much better. The slime creature hits you!
Bor hits the slime creature.
You regained 17 hp, and now have 21/42 hp.
Aim: a slime creature (moderately wounded, chance to defeat MR: 30%)
The slime creature easily resists.
The slime creature hits you!
* * * LOW HITPOINT WARNING * * *
Bor hits the slime creature.
You take 12 damage, and have 9/42 hp.
MASSIVE DAMAGE!!
You now have 0/15 mp.
Okay, then.
Magic courses through your body. The slime creature misses you.
Bor hits the slime creature.
MP restored: 15
Aim: a slime creature (moderately wounded, chance to defeat MR: 30%)
The slime creature looks drowsy...
Bor hits the slime creature!
You now have 13/15 mp.
You hit the slime creature. The slime creature misses you.
That would be overly suicidal.
Okay, then.
Aim: a slime creature (heavily wounded, chance to defeat MR: 41%)
The slime creature resists with some effort.
Bor hits the slime creature.
The slime creature hits you!
You die...

###################
#<.#.)').#.@JR.#__#
#..'..#..'..#..'^.+
#..#####'#####'#__#
#..####..#...#[####
#..#__####..##(#
#..#_____##'#_.+
#⌠⌠#_.∩..÷'..._#
####_..__##_.#'#
#_____###+#.#


You could see the friendly Bor the ancestor and a slime creature.

Vanquished Creatures
  Sigmund (D)
  A yak (D)
  An ogre (D)
  A jelly (D)
  Ijyb (D)
5 creatures vanquished.

Notes
Turn   | Place    | Note
-------+----------+-------------------------------------------
     0 | D        | esc the Barachi Enchanter began the quest for the Orb.
     0 | D        | Reached XP level 1. HP: 13/13 MP: 3/3
     2 | D        | Noticed Ijyb
    18 | D        | Killed Ijyb
    18 | D        | Reached skill level 2 in Short Blades
    18 | D        | Reached skill level 3 in Dodging
    18 | D        | Reached skill level 3 in Stealth
    18 | D        | Reached skill level 3 in Spellcasting
    18 | D        | Reached skill level 4 in Hexes
    18 | D        | Reached XP level 2. HP: 19/19 MP: 4/6
    18 | D        | Reached XP level 3. HP: 24/24 MP: 4/7
    43 | D        | Learned a level 2 spell: Ensorcelled Hibernation
    47 | D        | Learned a level 3 spell: Confuse
    56 | D        | Noticed an ogre
    62 | D        | Killed an ogre
    62 | D        | Reached skill level 4 in Short Blades
    62 | D        | Reached skill level 4 in Dodging
    62 | D        | Reached skill level 4 in Stealth
    62 | D        | Reached skill level 4 in Spellcasting
    62 | D        | Reached skill level 5 in Hexes
    62 | D        | Reached XP level 4. HP: 30/30 MP: 5/10
    76 | D        | Learned a level 3 spell: Dazzling Spray
   102 | D        | Noticed Sigmund
   106 | D        | Killed Sigmund
   106 | D        | Reached skill level 6 in Short Blades
   106 | D        | Reached skill level 6 in Dodging
   106 | D        | Reached skill level 6 in Stealth
   106 | D        | Reached skill level 5 in Spellcasting
   106 | D        | Reached skill level 6 in Hexes
   106 | D        | Reached XP level 5. HP: 31/35 MP: 7/13
   106 | D        | Reached XP level 6. HP: 36/41 MP: 7/14
   163 | D        | Found an ornate altar of the Wu Jian Council.
   163 | D        | Found a deep blue altar of Sif Muna.
   165 | D        | Found a radiant altar of Vehumet.
   169 | D        | Reached skill level 1 in Fighting
   169 | D        | Reached skill level 6 in Spellcasting
   169 | D        | Reached skill level 7 in Hexes
   193 | D        | Found Bijiop's Antique Weapon Emporium.
   193 | D        | Found an ancient bone altar of Kikubaaqudgha.
   193 | D        | Found a hazy altar of Hepliaklqana.
   193 | D        | Found a stormy altar of Qazlal.
   193 | D        | Found a hide-covered altar of Uskayaw.
   193 | D        | Found a blossoming altar of Fedhas.
   193 | D        | Found a bloodstained altar of Trog.
   193 | D        | Found an iron altar of Okawaru.
   193 | D        | Found a basalt altar of Yredelemnul.
   193 | D        | Found a glowing golden altar of the Shining One.
   193 | D        | Found a snail-covered altar of Cheibriados.
   193 | D        | Found a sacrificial altar of Ru.
   193 | D        | Found a glowing silver altar of Zin.
   193 | D        | Found a shadowy altar of Dithmenos.
   193 | D        | Found a white marble altar of Elyvilon.
   193 | D        | Noticed a yak
   194 | D        | Found an opulent altar of Gozag.
   195 | D        | Killed a yak
   195 | D        | Reached skill level 3 in Fighting
   195 | D        | Reached skill level 7 in Dodging
   196 | D        | Found a sparkling altar of Nemelex Xobeh.
   204 | D        | Became a worshipper of Hepliaklqana the Forgotten
   213 | D        | Found a viscous altar of Jiyva.
   213 | D        | Found a corrupted altar of Lugonu.
   213 | D        | Noticed a slime creature
   214 | D        | Found a burning altar of Makhleb.
   214 | D        | Found a shimmering altar of Xom.
   218 | D        | HP: 9/42 [slime creature (14)]
   223 | D        | HP: 4/42 [slime creature (1)]
   229 | D        | Slain by a slime creature

Vault maps used:
D:        dungeon_sprint_1

Skill      XL: |  1  2  3  4  5  6 |
---------------+-------------------+-----
Short Blades   | 2 4 6 |  6.8
Dodging        | 3 4 6 7 |  7.1
Stealth        | 3 4 6 |  6.8
Spellcasting   | 3 4 5 6 |  6.6
Hexes          | 4 5 6 7 |  7.7
Fighting       | 3 |  3.3

Action                   |  1- 3 |  4- 6 || total
-------------------------+-------+-------++-------
Melee: Dagger            |    16 |     4 ||    20
 Cast: Ensorcelled Hiber |     1 |    11 ||    12
       Confuse           |       |     1 ||     1
 Abil: Hop               |       |     1 ||     1
  Use: Potion            |     1 |     2 ||     3
 Stab: Sleeping          |     2 |     3 ||     5
Armor: Robe              |     1 |       ||     1
Dodge: Dodged            |     8 |     4 ||    12

Table legend:
 A = Spawn XP
 B = Non-spawn XP
 C = Spawn XP percentage of total XP
 D = Spawn monster count
 E = Non-spawn monster count
 F = Spawn count percentage of total count
 G = Total turns spent on level
                    A         B        C        D         E        F      G
               +---------+---------+-------+---------+---------+-------+---------
         Total |       0 |     610 |   0.0 |       0 |       5 |   0.0 |   229
               +---------+---------+-------+---------+---------+-------+---------
             D |       0 |     610 |   0.0 |       0 |       5 |   0.0 |   229
               +---------+---------+-------+---------+---------+-------+---------

Vault maps used:
D:        dungeon_sprint_1

Table legend:
 A = Turns spent in this place as a percentage of turns spent in the entire game.
 B = Non-inter-level travel turns spent in this place as a percentage of non-inter-level travel turns spent in the entire game.
 C = Inter-level travel turns spent in this place as a percentage of turns spent in this place.
 D = Turns resting spent in this place as a percentage of non-inter-level travel turns spent in this place.
 E = Turns spent auto-exploring this place as a percentage of non-inter-level travel turns spent in this place.
 F = Non-inter-level travel turns spent in this place divided by the number of levels of this place that you've seen.
                   A       B       C       D       E      F
               +-------+-------+-------+-------+-------+----------------------
         Total | 100.0 | 100.0 |   0.0 |  36.2 |   0.0 | 229.0
       Dungeon | 100.0 | 100.0 |   0.0 |  36.2 |   0.0 | 229.0
               +-------+-------+-------+-------+-------+----------------------

Table legend:
 A = Kills in this place as a percentage of kills in entire the game.
 B = Kills by you in this place as a percentage of kills by you in the entire game.
 C = Kills by friends in this place as a percentage of kills by friends in the entire game.
 D = Other kills in this place as a percentage of other kills in the entire game.
 E = Experience gained in this place as a percentage of experience gained in the entire game.
 F = Experience gained in this place divided by the number of levels of this place that you have seen.
                   A       B       C       D       E      F
               +-------+-------+-------+-------+-------+----------------------
         Total | 100.0 | 100.0 |   N/A |   N/A | 100.0 | 610.0
       Dungeon | 100.0 | 100.0 |   N/A |   N/A | 100.0 | 610.0
               +-------+-------+-------+-------+-------+----------------------
